 Dungeon Crawl Stone Soup version 0.31.0-11-ge490571c62 (webtiles) character file.

Game seed: 14113697910430379706

310 Xavori the Slasher (level 6, -9/47 HPs)
             Began as a Djinni Chaos Knight on Jan 28, 2024.
             Was a Plaything of Xom.
             Killed from afar by a white imp (13 damage)
             ... with a puff of frost
             ... on level 4 of the Dungeon.
             The game lasted 00:03:50 (6363 turns).

Xavori the Slasher (Djinni Chaos Knight)            Turns: 6363, Time: 00:03:50

Health: -9/47      AC:  6    Str: 16    XL:     6   Next: 70%
Gold:   53         EV: 12    Int: 17    God:    Xom [...*..] SH:  0 Dex: 14

rFire   + + +        a - +0 falchion (chaos)
rCold   x . .        (no shield)
rNeg    . . .        b - +2 leather armour
rPois   ∞            (helmet restricted)
rElec   .            l - +0 cloak
rCorr   .            (no gloves)
SInv    .            (boots unavailable)
Will    .....        (no amulet)
Stlth   +            o - +6 ring of strength
HPRegen 1.07/turn    (no ring)
MPRegen 0.00/turn

%: infuse magic (-10 HP)
@: flying
A: sickness immunity, fire resistance 3, cold vulnerability 1, float, innate
caster, HP casting, extra vitality 1, antennae 1, claws 1, clever 1, sense
surroundings 1, regeneration 1
a: Renounce Religion


You were on level 4 of the Dungeon.
You worshipped Xom.
You were a favourite toy of Xom.
You visited 1 branch of the dungeon, and saw 4 of its levels.

You collected 171 gold pieces.
You spent 118 gold pieces at shops.

Inventory:

Hand Weapons
 a - a +0 falchion of chaos (weapon)
Armour
 b - a +2 leather armour (worn)
 l - a +0 cloak (worn)
Jewellery
 o - a +6 ring of strength (left claw)
Scrolls
 c - a scroll of butterflies
 e - a scroll of blinking
 f - 3 scrolls of vulnerability
 i - a scroll of immolation
 m - a scroll of enchant weapon {unknown}
 p - a scroll of teleportation
Potions
 d - a potion of ambrosia {unknown}
 g - a potion of magic {unknown}
 h - a potion of haste {unknown}
 j - a potion of curing {unknown}
 q - a potion of might


   Skills:
 + Level 3.9 Fighting
 + Level 4.1 Long Blades
 + Level 2.8 Armour
 + Level 3.4 Dodging
 * Level 1.3 Spellcasting
 * Level 1.3 Conjurations
 * Level 1.3 Hexes
 * Level 1.3 Summonings
 * Level 1.3 Necromancy
 * Level 1.3 Translocations
 * Level 1.3 Fire Magic
 * Level 1.3 Ice Magic
 * Level 1.3 Air Magic
 * Level 1.3 Earth Magic
 * Level 1.3 Alchemy


You knew the following spells:

 Your Spells              Type           Power      Damage    Failure   Level
a - Slow                  Hex            20%        N/A       14%         1
b - Jinxbite              Hex            10%        N/A       22%         2
Your spell library was empty.

Dungeon Overview and Level Annotations

Branches:
Dungeon (4/15)
 Temple: D:4-7

Altars:
Elyvilon

Shops:
D:4 *[


Innate Abilities, Weirdness & Mutations

You are immune to sickness and miasma.
You are immune to poison.
Your flesh is almost immune to the effects of heat. (rF+++)
You are vulnerable to cold. (rC-)
You float through the air rather than walking.
You learn spells naturally, not from books.
Your magical power is your life essence.
You have superior vitality. (+4 MHP)
You have a pair of small antennae on your head.
You have sharp fingernails.
Your mind is acute. (Int +4, Str/Dex -1)
You passively map a small area around you.
Your natural rate of healing is unusually fast.


Message History

Your ufetubus hits the white imp but does no damage.
Your ufetubus closely misses the white imp.
The orc closely misses you.
The orc hits your ufetubus but does no damage.
The goblin hits your ufetubus with a +0 dagger.
The endoplasm freezes your crimson imp.
Your crimson imp is frozen.
The white imp hits you. The white imp freezes you.
You feel a terrible chill!
* * * LOW HITPOINT WARNING * * *
Your crimson imp hits the endoplasm.
The endoplasm dies!
Unknown command.
You barely miss the white imp.
The white imp is almost dead.
Your ufetubus closely misses the orc.
Your ufetubus hits the orc. The white imp closely misses you.
The orc barely misses you.
The orc hits your ufetubus with a +0 hand axe.
Your ufetubus dies!
Your ufetubus disappears in a puff of smoke!
The white imp gestures at you. The puff of frost hits you!
You feel a terrible chill!
* * * LOW HITPOINT WARNING * * *
Unknown command.
Unknown command.
You hit the white imp but do no damage.
The white imp is almost dead.
The white imp gestures at you. The puff of frost misses you.
The orc barely misses you. The orc misses your crimson imp.
The bombardier beetle misses your crimson imp.
Your crimson imp barely misses the white imp.
You hit the white imp but do no damage.
The white imp looks weaker.
The white imp is almost dead.
The white imp completely misses you. The orc hits you with a +0 hand axe.
* * * LOW HITPOINT WARNING * * *
The orc hits your crimson imp with a +0 hand axe.
Your crimson imp hits the white imp.
The white imp gestures at you. The puff of frost hits you!
You feel a terrible chill!
You die...

, , , ,............# # ,
... ,...............# #
... , ..............# ,
...8 ,..............., *
..... .......<.......#,#
,
.....##..,..#........#..
, *#.%.JB.######## ....
#...go5.......# ##.. ,
#5@### #..# #..
##...###..#######.. , *,
* *###..##........... ,
, ##.>..#......... ,
####.#......... * *
#........... * *
#.#......... , * ,
#.#......... *
#.#.......##


You could see a bombardier beetle, a white imp (fast, strong, weak, ally
target), an orc, an endoplasm, a goblin and a friendly crimson imp (summoned).

Vanquished Creatures
  An iguana (D:4)
  Terence (D:2)
  Robin (D:2)
  7 adders
  5 gnolls
  3 ribbon worms
  7 orcs
  5 ball pythons
  10 endoplasms
  4 giant cockroaches
  20 goblins
  12 hobgoblins
  10 jackals
  4 quokkas
  7 bats
  5 frilled lizards
  5 kobolds
  5 rats
112 creatures vanquished.

Vanquished Creatures (collateral kills)
  An endoplasm (D:4)
1 creature vanquished.

Grand Total: 113 creatures vanquished

Notes
Turn   | Place    | Note
-------+----------+-------------------------------------------
     0 | D:1      | Xavori the Djinni Chaos Knight began the quest for the Orb.
     0 | D:1      | Reached XP level 1. HP: 20/20 MP: 0/0
   188 | D:1      | Reached XP level 2. HP: 14/25 MP: 0/0
   230 | D:1      | XOM: silly message
   320 | D:1      | Reached skill level 3 in Long Blades
   533 | D:1      | Reached XP level 3. HP: 30/30 MP: 0/0
   533 | D:1      | Learned a level 1 spell: Slow
  1095 | D:1      | XOM: cloud trail
  1345 | D:1      | XOM: noise
  1833 | D:1      | XOM: silly message
  2223 | D:1      | XOM: give mutation
  2223 | D:1      | Gained mutation: You have a pair of small antennae on your
                  | head. [Xom's mischief]
  2578 | D:1      | XOM: cloud trail
  2890 | D:1      | XOM: god gift: 48 gold pieces
  3076 | D:1      | XOM: summons 2 hostile demons
  3077 | D:1      | XOM: butterfly on damage
  3515 | D:1      | XOM: scenery: 1 doors close
  3675 | D:1      | XOM: draining
  3999 | D:1      | XOM: give mutation
  3999 | D:1      | Gained mutation: Your flesh is almost immune to the effects
                  | of heat. (rF+++) [Xom's grace]
  4270 | D:1      | XOM: give mutations
  4270 | D:1      | Gained mutation: Your natural rate of healing is unusually
                  | fast. [Xom's grace]
  4270 | D:1      | Gained mutation: You passively map a small area around you.
                  | [Xom's grace]
  4270 | D:1      | Gained mutation: You have hidden genetic potential. [Xom's
                  | grace]
  4412 | D:1      | XOM: silly message
  4801 | D:2      | XOM: butterfly on damage
  4819 | D:2      | Reached XP level 4. HP: 28/32 MP: 0/0
  4819 | D:2      | XOM: cleaving
  4838 | D:2      | Gained mutation: Your mind is acute. (Int +4, Str/Dex -1)
                  | [hidden potential]
  4950 | D:2      | XOM: divination: detect items
  4955 | D:2      | Reached XP level 5. HP: 40/40 MP: 0/0
  4955 | D:2      | Learned a level 2 spell: Jinxbite
  4973 | D:2      | Found a faded altar of an unknown god.
  5009 | D:2      | Noticed Terence
  5023 | D:2      | Killed Terence
  5024 | D:2      | Reached skill level 1 in Spellcasting
  5024 | D:2      | Reached skill level 1 in Conjurations
  5024 | D:2      | Reached skill level 1 in Hexes
  5024 | D:2      | Reached skill level 1 in Summonings
  5024 | D:2      | Reached skill level 1 in Necromancy
  5024 | D:2      | Reached skill level 1 in Translocations
  5024 | D:2      | Reached skill level 1 in Fire Magic
  5024 | D:2      | Reached skill level 1 in Ice Magic
  5024 | D:2      | Reached skill level 1 in Air Magic
  5024 | D:2      | Reached skill level 1 in Earth Magic
  5024 | D:2      | Reached skill level 1 in Alchemy
  5028 | D:2      | Gained mutation: You have sharp fingernails. [hidden
                  | potential]
  5028 | D:2      | Lost mutation: You have hidden genetic potential. [hidden
                  | potential expressed]
  5281 | D:2      | Noticed Robin
  5300 | D:2      | Killed Robin
  5616 | D:3      | Reached XP level 6. HP: 45/47 MP: 0/0
  6015 | D:3      | Found a white marble altar of Elyvilon.
  6049 | D:4      | Found Matzip's General Store.
  6112 | D:4      | XOM: divination: magic mapping
  6138 | D:4      | Reached skill level 4 in Long Blades
  6148 | D:4      | Found Siuvutzo's Specific Store.
  6170 | D:4      | Bought a scroll of teleportation for 36 gold pieces
  6170 | D:4      | Bought a potion of might for 48 gold pieces
  6170 | D:4      | Bought a scroll of identify for 24 gold pieces
  6178 | D:4      | Bought a potion of degeneration for 10 gold pieces
  6210 | D:4      | XOM: confusion (+ monsters)
  6293 | D:4      | Found Xuliadourch's Armour Boutique.
  6357 | D:4      | XOM: summons 2 friendly demons
  6363 | D:4      | Killed from afar by a white imp

Illustrated notes

Levels and vault maps discovered:
D:1:      nagdon_arrival_zigzag_paths, layout_basic, serial_co_window_serial,
          co_window_of_opportunity_a, co_window_of_opportunity_a,
          co_window_corner_a, co_window_cross_1, co_window_of_opportunity_a,
          co_window_corner_b, co_window_corner_b, co_window_cross_3,
          co_window_paths_d, glass_columns_a, glass_columns_a, glass_columns_b,
          amcnicky_mini_rare_corridor_liquid, grunt_decor_cap,
          minmay_pentomino_x2
D:2:      layout_loops_cross, shapermc_ecumenical_altar_mp_vishouse,
          chequers_serial_rivers_large_b, uniq_terence, uniq_robin
D:3:      layout_basic, nicolae_overflow_hidden_temple
D:4:      minmay_evil_eye, layout_rooms, minmay_temple_entry_poolview,
          serial_shops, nicolae_shop_advertising_works
          [nicolae_subvault_shop_adworks], st_stairs_1, nicolae_specific_store,
          minmay_misc_feat_iff, nicolae_kite_square_tiling_tiny

Skill      XL: |  1  2  3  4  5  6 |
---------------+-------------------+-----
Long Blades    | 3 4 |  4.1
Armour         | 2 |  2.8
Spellcasting   | 1 |  1.3
Conjurations   | 1 |  1.3
Hexes          | 1 |  1.3
Summonings     | 1 |  1.3
Necromancy     | 1 |  1.3
Translocations | 1 |  1.3
Fire Magic     | 1 |  1.3
Ice Magic      | 1 |  1.3
Air Magic      | 1 |  1.3
Earth Magic    | 1 |  1.3
Alchemy        | 1 |  1.3
Dodging        | 3 |  3.4
Fighting       | |  3.9

Action                     |  1- 3 |  4- 6 || total
---------------------------+-------+-------++-------
  Melee: Falchion          |   108 |   316 ||   424
         Punch             |     1 |     6 ||     7
    Use: Scroll            |       |     4 ||     4
   Stab: Confused          |       |     2 ||     2
         Sleeping          |       |     2 ||     2
         Paralysed         |       |     1 ||     1
         Distracted        |       |     1 ||     1
 Armour: Leather armour    |    86 |   235 ||   321
  Dodge: Dodged            |    86 |   281 ||   367
